[Event "Titled Tuesday Blitz March 15 Early 2022"]
[White "Orlov, Georgi"]
[Black "Brunner, Nicolas"]
[WhiteFideId "2011271"]
[BlackFideId "620246"]
[WhiteElo "2533"]
[BlackElo "2372"]
[Result "1-0"]
[Round "10"]
[TimeControl "180+1"]
[Date "2022.03.15"]
[WhiteClock "0:00:26"]
[BlackClock "0:00:03"]

1. d4 d5 2. Nf3 Nf6 3. c4 e6 4. g3 dxc4 5. Bg2 c5 6. O-O Nc6 7. Qa4 Bd7 8. dxc5 Na5 9. Qb4 Rc8 10. Rd1 Bxc5 11. Qe1 Nc6 12. Nc3 a6 13. Bg5 h6 14. Bxf6 Qxf6 15. Qd2 Qe7 16. Rac1 b5 17. Ne4 Bb4 18. Qf4 O-O 19. a3 Ba5 20. Nc5 Qxc5 21. Rxd7 Bb6 22. e3 Qf5 23. Qxf5 exf5 24. Nh4 g6 25. Rd6 Bxe3 26. fxe3 Ne5 27. Bf1 Rc6 28. Rd5 Re8 29. h3 Rce6 30. Kf2 Nc6 31. Ng2 Kg7 32. Rcd1 Na5 33. Rd7 R8e7 34. Rxe7 Rxe7 35. Rd6 Ra7 36. Nf4 Nb3 37. Nd5 Nc5 38. Kf3 Na4 39. Nb4 1-0


[Site "https://www.chess.com"]

[Event "Titled Tuesday Blitz March 15 Early 2022"]
[White "P., Komal Kishore"]
[Black "Buscar, Michael"]
[WhiteFideId "5016703"]
[BlackFideId "2603616"]
[WhiteElo "2120"]
[BlackElo "2010"]
[Result "0-1"]
[Round "10"]
[TimeControl "180+1"]
[Date "2022.03.15"]
[WhiteClock "0:00:01"]
[BlackClock "0:00:06"]

1. e4 c5 2. Nf3 e6 3. c3 a6 4. d4 cxd4 5. cxd4 d6 6. Nc3 Nf6 7. Bd3 Be7 8. O-O O-O 9. h3 Nbd7 10. Be3 b6 11. e5 dxe5 12. dxe5 Ne8 13. Be4 Ra7 14. Qc2 g6 15. Bh6 Ng7 16. Rfe1 Nc5 17. Rad1 Qc7 18. Ng5 Nxe4 19. Ngxe4 Qxe5 20. Nd6 Qh5 21. Nxc8 Rxc8 22. Be3 Bc5 23. Na4 Rac7 24. Nxc5 bxc5 25. Qc4 Rc6 26. Rd7 Nf5 27. Bd2 Nd4 28. Bc3 Nb5 29. Bf6 Nd6 30. Qc3 Qf5 31. g4 Qd5 32. Bh8 Kf8 33. Qf6 R6c7 34. Bg7+ Kg8 35. Rxd6 Qxd6 36. Bh6 Qd4 37. Re5 Qxe5 38. Qxe5 f5 39. Qxe6+ Kh8 40. gxf5 gxf5 41. Qxf5 Rg8+ 42. Kh2 Rgc8 43. Qf6+ Kg8 44. Qxa6 Rc6 45. Qc4+ Kh8 46. Qf7 Rxh6 47. Qd7 Rhc6 48. a4 c4 49. h4 c3 50. bxc3 Rxc3 51. h5 h6 52. Qe6 R8c6 53. Qf7 R3c5 54. Qf8+ Kh7 55. Qf7+ Kh8 56. Kg3 Rg5+ 57. Kf4 Rc4+ 0-1


[Site "https://www.chess.com"]

[Event "Titled Tuesday Blitz March 15 Early 2022"]
[White "Petersson, Kjell"]
[Black "Prohorov, Olexandr"]
[WhiteFideId "1705148"]
[BlackFideId "14105578"]
[WhiteElo "2009"]
[BlackElo "1993"]
[Result "0-1"]
[Round "10"]
[TimeControl "180+1"]
[Date "2022.03.15"]
[WhiteClock "0:00:06"]
[BlackClock "0:01:14"]

1. d4 g6 2. Bf4 Bg7 3. e4 c5 4. e5 cxd4 5. Nf3 Nc6 6. Bb5 Qb6 7. Bxc6 bxc6 8. Qxd4 Nh6 9. O-O Nf5 10. Qxb6 axb6 11. Nc3 O-O 12. a3 f6 13. Rfe1 g5 14. exf6 exf6 15. Bc7 b5 16. Rad1 d5 17. Bb6 g4 18. Nd4 Nxd4 19. Bxd4 Bf5 20. Rd2 Kf7 21. Nd1 Rfe8 22. Ne3 Bd7 23. Kf1 h5 24. Rde2 Bh6 25. Bc5 f5 26. g3 Bg5 27. Bd6 Re6 28. Nd1 Re4 29. Rxe4 fxe4 30. Bc5 Bf6 31. c3 Ra4 32. Ne3 Be7 33. Bxe7 Kxe7 34. Ra1 Kd6 35. b3 Ra8 36. a4 bxa4 37. bxa4 c5 38. a5 d4 39. Nc4+ Kc7 40. Nb6 Bb5+ 41. Ke1 Rd8 42. c4 Ba6 43. Kd2 Rf8 44. Nd5+ Kb7 45. Rb1+ Ka7 46. Ke1 Bxc4 47. Nb6 Bd3 48. Rc1 Rf5 49. Na4 e3 50. fxe3 dxe3 51. Nxc5 Rf1# 0-1


[Site "https://www.chess.com"]

[Event "Titled Tuesday Blitz March 15 Early 2022"]
[White "Polster, Christian"]
[Black "Tasev, Dejan"]
[WhiteFideId "12965081"]
[BlackFideId "936618"]
[WhiteElo "2319"]
[BlackElo "2253"]
[Result "0-1"]
[Round "10"]
[TimeControl "180+1"]
[Date "2022.03.15"]
[WhiteClock "0:00:07"]
[BlackClock "0:00:21"]

1. e4 Nf6 2. d4 Nxe4 3. d5 Nf6 4. Nf3 g6 5. h4 h5 6. Bg5 Bg7 7. c4 O-O 8. Bd3 c6 9. Nc3 d6 10. Qc2 cxd5 11. cxd5 Na6 12. O-O-O Nb4 13. Qe2 Nxd3+ 14. Rxd3 Bg4 15. Re3 Qa5 16. Kb1 Nxd5 17. Nxd5 Qxd5 18. Bxe7 Rfc8 19. Rd1 Bf5+ 20. Ka1 Be6 21. Ra3 Qc5 22. Kb1 Bf5+ 23. Rad3 Re8 24. Bxd6 Qb5 25. Qc2 Rac8 26. Qb3 Bxd3+ 27. Rxd3 Qc6 28. Rd1 Rcd8 29. Bf4 Qe4+ 0-1


[Site "https://www.chess.com"]

[Event "Titled Tuesday Blitz March 15 Early 2022"]
[White "Postny, Evgeny"]
[Black "Koellner, Ruben Gideon"]
[WhiteFideId "2804344"]
[BlackFideId "12993093"]
[WhiteElo "2483"]
[BlackElo "2480"]
[Result "1-0"]
[Round "10"]
[TimeControl "180+1"]
[Date "2022.03.15"]
[WhiteClock "0:00:07"]
[BlackClock "0:00:06"]

1. Nf3 d6 2. d4 Nf6 3. c4 g6 4. Nc3 Bf5 5. e3 Ne4 6. Nxe4 Bxe4 7. Bd3 Bxd3 8. Qxd3 Bg7 9. O-O O-O 10. b3 c5 11. Bb2 Nc6 12. Rfd1 Qc7 13. Rac1 b6 14. Qb1 a6 15. d5 Bxb2 16. Qxb2 Na7 17. e4 b5 18. e5 bxc4 19. Rxc4 Nc8 20. Rh4 dxe5 21. Nxe5 f6 22. Nc6 Nd6 23. Qc2 Nb7 24. Qe4 Rf7 25. Qe6 Qd6 26. Re1 Re8 27. Ra4 a5 28. Qxd6 Nxd6 29. Rxa5 c4 30. b4 Kf8 31. b5 e5 32. dxe6 Rb7 33. a4 f5 34. f3 f4 35. Nb4 Rc8 36. Ra6 Nf5 37. Nd5 Ne7 38. Nxf4 c3 39. Rc1 Rbc7 40. Rd6 Ra7 41. Rd4 Nf5 42. Re4 Ne7 43. Ne2 c2 44. Kf2 Rac7 45. b6 Rb7 46. a5 Ra8 47. Ra4 Nc6 48. Rxc2 Rxa5 49. Rxa5 Nxa5 50. Rc8+ Ke7 51. Rc7+ Kxe6 52. Nf4+ Kd6 53. Rxb7 Nxb7 54. Kg3 Kc6 55. Ne6 Nd6 56. Nf8 Nf5+ 57. Kf4 Nh4 58. g3 Ng2+ 59. Kg5 Kxb6 60. Nxh7 Ne1 61. Kg4 Kc5 62. Nf8 g5 63. Ne6+ Kd6 64. Nxg5 Ke5 65. Ne4 Nd3 66. h4 Ke6 67. h5 Ne5+ 68. Kf4 Nd3+ 69. Kg5 Ne5 70. f4 Nf3+ 71. Kg4 Nh2+ 72. Kh3 Nf3 73. Ng5+ Nxg5+ 74. fxg5 Kf5 75. Kh4 1-0


[Site "https://www.chess.com"]

[Event "Titled Tuesday Blitz March 15 Early 2022"]
[White "Rustemov, Alexander"]
[Black "Kamsky, Gata"]
[WhiteFideId "4119002"]
[BlackFideId "2000024"]
[WhiteElo "2777"]
[BlackElo "2645"]
[Result "1/2-1/2"]
[Round "10"]
[TimeControl "180+1"]
[Date "2022.03.15"]
[WhiteClock "0:01:41"]
[BlackClock "0:01:43"]

1. d4 Nf6 2. c4 g6 3. Nf3 Bg7 4. g3 O-O 5. Bg2 c6 6. Nc3 d5 7. Qb3 dxc4 8. Qxc4 Be6 9. Qa4 Qb6 10. O-O Rd8 11. Rd1 a5 12. Qc2 Na6 13. a3 Bb3 14. Qd3 Bxd1 15. Qxd1 Nc7 16. Qc2 Qa6 17. Na4 Ne6 18. e3 b5 19. Nc5 Nxc5 20. Qxc5 Nd5 21. Bd2 Qb6 22. Qc2 Rac8 23. Rc1 e6 24. Ne1 e5 25. dxe5 Bxe5 26. Nd3 Bg7 27. b4 axb4 28. axb4 1/2-1/2


[Site "https://www.chess.com"]

[Event "Titled Tuesday Blitz March 15 Early 2022"]
[White "Samadov, Read"]
[Black "Rosen, Eric"]
[WhiteFideId "13417444"]
[BlackFideId "2032562"]
[WhiteElo "2084"]
[BlackElo "2362"]
[Result "1-0"]
[Round "10"]
[TimeControl "180+1"]
[Date "2022.03.15"]
[WhiteClock "0:00:16"]
[BlackClock "0:00:23"]

1. d4 d5 2. c4 e6 3. Nf3 Nf6 4. g3 dxc4 5. Bg2 Bb4+ 6. Bd2 c5 7. O-O O-O 8. Qc2 Nbd7 9. Qxc4 Nb6 10. Qc2 Bxd2 11. Nbxd2 cxd4 12. Nb3 d3 13. Qxd3 Qxd3 14. exd3 Bd7 15. Ne5 Rab8 16. Nc5 Rfc8 17. d4 Bb5 18. Rfc1 Nbd5 19. a4 Be8 20. a5 Kf8 21. Bxd5 Nxd5 22. Ncd7+ Ke7 23. Nxb8 Rxb8 24. Rc2 f6 25. Nc4 Bg6 26. Rd2 Rc8 27. b3 h5 28. Re1 Kd7 29. h4 Nb4 30. Ra1 Nc2 31. Rc1 Nb4 32. f3 Bf5 33. Ra1 Nc2 34. Ra4 Kc6 35. Kf2 Kd5 36. Kg2 Bh7 37. g4 hxg4 38. fxg4 Be4+ 39. Kg3 Ne1 40. Ne3+ Kd6 41. d5 e5 42. Rxe4 Rc1 43. Nf5+ Kd7 44. d6 Rc3+ 45. Kf2 Nc2 46. Rc4 Rxc4 47. bxc4 e4 48. Rxc2 g6 49. Ke3 gxf5 50. gxf5 Kxd6 51. h5 Ke7 52. h6 Kf7 53. h7 Kg7 54. Rh2 Kh8 55. Kxe4 b6 56. Kd5 bxa5 57. c5 a4 58. c6 a3 59. c7 a2 60. c8=Q+ Kg7 61. Qg8# 1-0


[Site "https://www.chess.com"]

[Event "Titled Tuesday Blitz March 15 Early 2022"]
[White "Samaganova, Aleksandra"]
[Black "Borodavkin, Anatoly"]
[WhiteFideId "13800221"]
[BlackFideId "14150662"]
[WhiteElo "1859"]
[BlackElo "1845"]
[Result "1-0"]
[Round "10"]
[TimeControl "180+1"]
[Date "2022.03.15"]
[WhiteClock "0:00:04"]
[BlackClock "0:00:08"]

1. c4 e5 2. Nc3 d6 3. g3 Be6 4. d3 Nc6 5. Bg2 Qd7 6. h3 g6 7. Rb1 Bg7 8. b4 f5 9. b5 Nd8 10. Bd2 Nf6 11. Nf3 h6 12. Qc2 O-O 13. c5 Nf7 14. cxd6 cxd6 15. O-O f4 16. Kh2 fxg3+ 17. fxg3 Rac8 18. Qa4 b6 19. Rbc1 d5 20. e3 Rc7 21. Ne2 Rfc8 22. Rxc7 Rxc7 23. Rc1 Rxc1 24. Bxc1 Qc7 25. Bb2 Nd7 26. d4 e4 27. Nh4 Kh7 28. Nf4 Nd8 29. Nhxg6 Bf7 30. Ne7 Nf6 31. Nf5 Ne6 32. Nxg7 Kxg7 33. Qb3 Nxf4 34. gxf4 Ne8 35. Ba3 Nd6 36. Bxd6 Qxd6 37. Qa4 Qc7 38. Qd1 Qc3 39. Qg4+ Kf8 40. Qg3 Qd2 41. f5 Qxa2 42. f6 Qa3 43. Qg7+ Ke8 44. Qxh6 a5 45. Qf4 Qb4 46. Qb8+ Kd7 47. Qxb6 Qc3 48. Qc6+ Qxc6 49. bxc6+ Kxc6 50. Bf1 a4 51. Be2 a3 52. h4 a2 53. h5 a1=Q 54. h6 Qb2 55. h7 Qxe2+ 56. Kg3 Qh5 57. h8=Q Qh7 58. Qxh7 Be6 59. Qe7 Bd7 60. f7 1-0


[Site "https://www.chess.com"]

[Event "Titled Tuesday Blitz March 15 Early 2022"]
[White "Samunenkov, Ihor"]
[Black "Riehle, Marco"]
[WhiteFideId "14187086"]
[BlackFideId "12904392"]
[WhiteElo "2409"]
[BlackElo "2462"]
[Result "0-1"]
[Round "10"]
[TimeControl "180+1"]
[Date "2022.03.15"]
[WhiteClock "0:00:03"]
[BlackClock "0:00:50"]

1. e4 e5 2. Nf3 Nf6 3. Nxe5 Nxe4 4. Qe2 Qe7 5. Qxe4 d6 6. d4 dxe5 7. dxe5 Nc6 8. Nc3 Qxe5 9. Qxe5+ Nxe5 10. Bf4 f6 11. O-O-O Bd7 12. Nb5 O-O-O 13. Nxa7+ Kb8 14. Nb5 Bc5 15. f3 g5 16. Bxe5 fxe5 17. Nc3 g4 18. Bd3 Bd4 19. Be4 h5 20. Ne2 Bc5 21. c3 h4 22. Rhf1 Bb5 23. Rxd8+ Rxd8 24. Rd1 Rf8 25. Ng1 h3 26. gxh3 Bxg1 27. hxg4 Bxh2 28. b3 Bf4+ 29. Kc2 Rh8 30. c4 Bc6 31. Bxc6 bxc6 32. Kc3 Rh3 33. Rd3 Kb7 34. c5 Rh1 35. Kc4 Rc1+ 36. Rc3 Rd1 37. Rd3 Rc1+ 38. Rc3 Ra1 39. a4 Bd2 40. Rd3 Rc1+ 0-1


[Site "https://www.chess.com"]

[Event "Titled Tuesday Blitz March 15 Early 2022"]
[White "Sanchez, Robert"]
[Black "Secer, Ata"]
[WhiteFideId "2034360"]
[BlackFideId "6303293"]
[WhiteElo "2330"]
[BlackElo "2282"]
[Result "0-1"]
[Round "10"]
[TimeControl "180+1"]
[Date "2022.03.15"]
[WhiteClock "0:00:39"]
[BlackClock "0:00:12"]

1. e4 c5 2. Nf3 e6 3. d4 cxd4 4. Nxd4 Nc6 5. Nc3 Qc7 6. Nb3 a6 7. Bd3 Nf6 8. Be3 b5 9. a3 Bb7 10. O-O Be7 11. f4 d6 12. Kh1 O-O 13. Rf3 e5 14. Rh3 exf4 15. Bxf4 Ne5 16. Nd5 Nxd5 17. exd5 Nxd3 18. Qxd3 g6 19. Bh6 Rfe8 20. Rf1 Bf8 21. Bxf8 Rxf8 22. Nd4 Qc4 23. Qxc4 bxc4 24. Nc6 Bxc6 25. dxc6 Rac8 26. Rc3 Rxc6 27. Rd1 Rfc8 28. Kg1 Kf8 29. Kf2 Ke7 30. Ke3 Rc5 31. Kd4 Ke6 32. Re1+ Re5 33. Rce3 f6 34. Re4 Rc5 35. g4 a5 36. h3 Rb5 37. Kc3 d5 38. R4e2 Kd6 39. b3 cxb3 40. cxb3 Rb8 41. b4 axb4+ 42. axb4 Rbe8 43. Rxe5 fxe5 44. Rf1 d4+ 45. Kc4 Rc8+ 46. Kd3 Kd5 47. Rf7 Rc3+ 48. Kd2 Rb3 49. Rxh7 Rxb4 50. Rd7+ Ke4 51. Re7 Rb2+ 52. Kd1 Rh2 0-1


[Site "https://www.chess.com"]

[Event "Titled Tuesday Blitz March 15 Early 2022"]
[White "Santos Ruiz, Miguel"]
[Black "Yang, Kaiqi"]
[WhiteFideId "22291482"]
[BlackFideId "8604398"]
[WhiteElo "2486"]
[BlackElo "2373"]
[Result "1/2-1/2"]
[Round "10"]
[TimeControl "180+1"]
[Date "2022.03.15"]
[WhiteClock "0:01:35"]
[BlackClock "0:00:50"]

1. Nf3 e6 2. d4 f5 3. Bf4 Nf6 4. e3 b6 5. Bd3 Bb7 6. h3 Bd6 7. Ne5 O-O 8. Nd2 Nc6 9. Rg1 Nd5 10. Bh2 Nxe5 11. dxe5 Be7 12. Qe2 Nb4 13. Nc4 Nxd3+ 14. Qxd3 Be4 15. Qd2 Bd5 16. Qd3 Be4 17. Qd2 Bd5 18. Qd3 Be4 1/2-1/2


[Site "https://www.chess.com"]

[Event "Titled Tuesday Blitz March 15 Early 2022"]
[White "Sarkar, Justin"]
[Black "Petrova, Irina"]
[WhiteFideId "2010011"]
[BlackFideId "14124122"]
[WhiteElo "2038"]
[BlackElo "1993"]
[Result "1-0"]
[Round "10"]
[TimeControl "180+1"]
[Date "2022.03.15"]
[WhiteClock "0:00:04"]
[BlackClock "0:00:05"]

1. d4 d6 2. e4 Nf6 3. Nc3 e5 4. Nf3 Nbd7 5. Bc4 Be7 6. a4 O-O 7. O-O c6 8. h3 h6 9. Qe2 Re8 10. Rd1 Qc7 11. a5 Bf8 12. d5 b5 13. axb6 Nxb6 14. dxc6 Qxc6 15. Bb5 Qc7 16. Bxe8 Nxe8 17. Be3 Bb7 18. Nd2 Nf6 19. Qd3 Nbd7 20. Nb5 Qb8 21. Rxa7 Nc5 22. Bxc5 dxc5 23. Rxa8 Bxa8 24. c4 Bc6 25. b3 Qb7 26. Nc3 Qa8 27. Nd5 Bxd5 28. exd5 Bd6 29. Ne4 Nxe4 30. Qxe4 Qa2 31. Qb1 Qe2 32. Qd3 Qa2 33. Re1 g6 34. h4 h5 35. g3 Kg7 36. Re2 Qa1+ 37. Kg2 Qa3 38. Qc2 Qb4 39. Qb2 f6 40. Re3 Qb8 41. Qc3 Qb7 42. Re1 Qb6 43. Ra1 Qb7 44. Ra3 Qb6 45. Qa5 Qb8 46. Qa7+ Kh6 47. Qxb8 Bxb8 48. Ra8 Bd6 49. Rd8 Be7 50. Rd7 Bf8 51. d6 f5 52. Rd8 Bg7 53. d7 Bf6 54. Rf8 Be7 55. Re8 Bf6 56. Rxe5 Bd8 57. Rxc5 Be7 58. Rc8 g5 59. d8=B Bxd8 60. Rxd8 gxh4 61. Rd6+ Kg5 62. f4+ 1-0


[Site "https://www.chess.com"]

[Event "Titled Tuesday Blitz March 15 Early 2022"]
[White "Shimanov, Aleksandr"]
[Black "Fernandez Guillen, Ernesto J."]
[WhiteFideId "4198603"]
[BlackFideId "3512428"]
[WhiteElo "2636"]
[BlackElo "2380"]
[Result "1-0"]
[Round "10"]
[TimeControl "180+1"]
[Date "2022.03.15"]
[WhiteClock "0:00:13"]
[BlackClock "0:00:03"]

1. e4 e5 2. Nf3 Nc6 3. Bc4 g6 4. d3 Bg7 5. Nc3 d6 6. a4 Nge7 7. Ng5 O-O 8. h4 h6 9. h5 Nd4 10. hxg6 Nxg6 11. Qh5 d5 12. Nxd5 Ne6 13. Nxe6 Bxe6 14. Bxh6 Bxd5 15. Bxd5 Qd6 16. Rh3 c6 17. Bxg7 Kxg7 18. Qh7+ Kf6 19. Rf3+ Nf4 20. Bb3 Ke7 21. O-O-O Qf6 22. Kb1 Rh8 23. Qf5 Qxf5 24. exf5 Kf6 25. d4 Nxg2 26. dxe5+ Kxe5 27. Bxf7 Rad8 28. Rxd8 Rxd8 29. Bb3 Rf8 30. Rg3 Nf4 31. Rg7 Rb8 32. Rf7 Nh5 33. a5 Nf6 34. Be6 Ne4 35. f3 Nd6 36. Rd7 Nb5 37. c3 b6 38. a6 Rh8 39. Bc4 Rh1+ 40. Ka2 Nd6 41. Be6 Nb5 42. c4 Nd4 43. Rxa7 Nc2 44. Kb3 Nd4+ 45. Kc3 Nxf3 46. Rd7 Rh3 47. Rd3 b5 48. cxb5 cxb5 49. a7 b4+ 50. Kxb4 Rh4+ 51. Ka3 Rh1 52. Rxf3 Ra1+ 53. Ba2 1-0


[Site "https://www.chess.com"]

[Event "Titled Tuesday Blitz March 15 Early 2022"]
[White "Shtyka, Sergey"]
[Black "Bintang, Rasyid A. Hidayat"]
[WhiteFideId "4138465"]
[BlackFideId "7105355"]
[WhiteElo "2014"]
[BlackElo "2357"]
[Result "1-0"]
[Round "10"]
[TimeControl "180+1"]
[Date "2022.03.15"]
[WhiteClock "0:00:12"]
[BlackClock "0:00:31"]

1. e4 d5 2. exd5 Nf6 3. Nc3 Nxd5 4. Nxd5 Qxd5 5. Qf3 Be6 6. Qxd5 Bxd5 7. c4 Bc6 8. d4 e6 9. Nf3 Nd7 10. a3 Be7 11. b4 a6 12. Be2 O-O-O 13. Be3 Nf6 14. Ne5 Be8 15. O-O-O a5 16. bxa5 Bxa3+ 17. Kb1 Ne4 18. Rd3 Bb4 19. Bf3 Nd6 20. c5 Nf5 21. Rb3 f6 22. Nc4 Nxd4 23. Bxd4 Rxd4 24. Rxb4 e5 25. Bxb7+ Kd8 26. Rc1 Bg6+ 27. Kb2 Ke7 28. a6 Be4 29. Bxe4 Rxe4 30. a7 Ra8 31. Ra1 Re2+ 32. Kc3 Rxf2 33. Rb8 Rxa7 34. Rxa7 Rxg2 35. Rxc7+ Ke6 36. Re8+ Kd5 37. Ne3+ Ke4 38. Nxg2 Kf3 39. Ne1+ 1-0


[Site "https://www.chess.com"]

[Event "Titled Tuesday Blitz March 15 Early 2022"]
[White "Spitzl, Vinzent"]
[Black "Perez Gormaz, Matias"]
[WhiteFideId "12901253"]
[BlackFideId "3406342"]
[WhiteElo "2160"]
[BlackElo "2327"]
[Result "0-1"]
[Round "10"]
[TimeControl "180+1"]
[Date "2022.03.15"]
[WhiteClock "0:01:17"]
[BlackClock "0:02:23"]

1. e4 c5 2. Nf3 d6 3. d4 cxd4 4. Nxd4 Nf6 5. Nc3 a6 6. Be2 e5 7. Nb3 Be7 8. Bg5 Be6 9. Bxf6 Bxf6 10. Qd3 Be7 11. O-O Nd7 12. Rad1 Nf6 13. Nd5 Nxd5 14. exd5 Bd7 15. c4 O-O 16. c5 f5 17. f4 e4 18. Qe3 Rc8 19. c6 bxc6 20. dxc6 Rxc6 21. Nd4 Qb6 22. Bc4+ Rxc4 0-1


[Site "https://www.chess.com"]

[Event "Titled Tuesday Blitz March 15 Early 2022"]
[White "Szpar, Milosz"]
[Black "Pajeken, Jakob Leon"]
[WhiteFideId "1184989"]
[BlackFideId "12942839"]
[WhiteElo "2447"]
[BlackElo "2351"]
[Result "1-0"]
[Round "10"]
[TimeControl "180+1"]
[Date "2022.03.15"]
[WhiteClock "0:02:50"]
[BlackClock "0:02:19"]

1. e4 e5 2. Nf3 Nc6 3. Bb5 a6 4. Ba4 Nf6 5. d3 d6 6. c4 Nd7 7. Nc3 Nc5 8. h3 Nxa4 9. Qxa4 Bd7 10. O-O Qf6 11. Nd5 Qd8 12. b4 b5 13. cxb5 axb5 14. Qxa8 1-0


[Site "https://www.chess.com"]

[Event "Titled Tuesday Blitz March 15 Early 2022"]
[White "Tanenbaum, Zachary"]
[Black "Khabinets, Ivan"]
[WhiteFideId "2060850"]
[BlackFideId "14115980"]
[WhiteElo "2168"]
[BlackElo "2114"]
[Result "1/2-1/2"]
[Round "10"]
[TimeControl "180+1"]
[Date "2022.03.15"]
[WhiteClock "0:00:04"]
[BlackClock "0:01:00"]

1. e4 c5 2. Nf3 d6 3. d4 cxd4 4. Nxd4 e5 5. Bb5+ Bd7 6. Bxd7+ Qxd7 7. Nf5 Nf6 8. Nc3 Nxe4 9. Nxg7+ Bxg7 10. Nxe4 d5 11. Ng3 O-O 12. Nh5 f5 13. Nxg7 Kxg7 14. f4 e4 15. Be3 Nc6 16. c3 Rad8 17. Bd4+ Nxd4 18. Qxd4+ Kg8 19. Qxa7 Qb5 20. Qf2 d4 21. cxd4 e3 22. Qg3+ Kh8 23. O-O-O Qe2 24. Kb1 Rc8 25. Rc1 Qd3+ 26. Ka1 Ra8 27. Rc3 Rxa2+ 28. Kxa2 Ra8+ 29. Kb3 Qb5+ 30. Kc2 Qa4+ 31. Kd3 Qb5+ 32. Kc2 Qa4+ 33. Kd3 Qb5+ 34. Kc2 1/2-1/2


[Site "https://www.chess.com"]

[Event "Titled Tuesday Blitz March 15 Early 2022"]
[White "Tsatsalashvili, Keti"]
[Black "Winkels, Marcel"]
[WhiteFideId "13603434"]
[BlackFideId "1003887"]
[WhiteElo "2246"]
[BlackElo "1900"]
[Result "1-0"]
[Round "10"]
[TimeControl "180+1"]
[Date "2022.03.15"]
[WhiteClock "0:00:46"]
[BlackClock "0:00:40"]

1. d4 Nf6 2. c4 c5 3. d5 b5 4. cxb5 a6 5. b6 Qxb6 6. Nc3 d6 7. a4 g6 8. Nf3 Bg7 9. a5 Qc7 10. Nd2 O-O 11. Nc4 Bb7 12. g3 Nbd7 13. Bg2 Rab8 14. O-O Ba8 15. e4 Rb4 16. Qe2 Rfb8 17. Kh1 e6 18. dxe6 fxe6 19. Bf4 Ne5 20. Bxe5 dxe5 21. Nb6 Nd7 22. Nca4 Bc6 23. Rfd1 Bb5 24. Qg4 Nf8 25. Rdc1 c4 26. Bf1 Qc5 27. Nxc5 1-0


[Site "https://www.chess.com"]

[Event "Titled Tuesday Blitz March 15 Early 2022"]
[White "Vokarev, Sergey"]
[Black "Shkapenko, Pavel"]
[WhiteFideId "4119711"]
[BlackFideId "4151933"]
[WhiteElo "2398"]
[BlackElo "2386"]
[Result "1-0"]
[Round "10"]
[TimeControl "180+1"]
[Date "2022.03.15"]
[WhiteClock "0:00:36"]
[BlackClock "0:00:10"]

1. e4 e5 2. Nf3 Nc6 3. Bb5 Bc5 4. O-O d6 5. d4 exd4 6. Nxd4 Ne7 7. Nc3 O-O 8. Nxc6 bxc6 9. Bd3 f5 10. exf5 Nxf5 11. Na4 Bd4 12. c3 Be5 13. f4 Bf6 14. Qf3 Bd7 15. Bd2 c5 16. b3 Ne7 17. Rae1 Bc6 18. Be4 Qd7 19. Bxc6 Qxc6 20. Qxc6 Nxc6 21. g3 Rae8 22. Kg2 Kf7 23. Kf3 Ne7 24. Re2 Nd5 25. Rfe1 Rxe2 26. Rxe2 Nb6 27. Nb2 Nd5 28. Na4 Nb6 29. Nb2 Nd5 30. Nd1 Nb6 31. Ne3 g6 32. c4 Bd4 33. Nc2 Bf6 34. h3 Re8 35. Rxe8 Kxe8 36. Ke4 Kf7 37. g4 Ke6 38. Ne3 c6 39. f5+ gxf5+ 40. gxf5+ Kf7 41. Ba5 Bd4 42. Bxb6 axb6 43. Ng4 h5 44. Nh2 Kf6 45. Nf3 Bc3 46. a4 Bb4 47. Nh4 Be1 48. Nf3 Bb4 49. Nh4 Be1 50. Ng2 Bb4 51. Nf4 Kg5 52. h4+ Kh6 53. f6 Bd2 54. f7 Kg7 55. Nxh5+ Kxf7 56. Nf4 Bxf4 57. Kxf4 d5 58. cxd5 cxd5 59. Ke5 d4 60. Ke4 Kg6 61. b4 cxb4 62. Kxd4 Kh5 63. Kc4 Kxh4 64. Kxb4 Kg5 65. Kb5 Kf5 66. Kxb6 Kf6 67. a5 1-0


[Site "https://www.chess.com"]

[Event "Titled Tuesday Blitz March 15 Early 2022"]
[White "Weetik, Vjacheslav"]
[Black "Araujo Filho, Luiz Antonio Coel"]
[WhiteFideId "4153472"]
[BlackFideId "2130661"]
[WhiteElo "2469"]
[BlackElo "2202"]
[Result "1-0"]
[Round "10"]
[TimeControl "180+1"]
[Date "2022.03.15"]
[WhiteClock "0:01:26"]
[BlackClock "0:00:03"]

1. e4 c6 2. d4 d5 3. e5 Bf5 4. h4 h5 5. Bg5 Qb6 6. Bd3 Bxd3 7. Qxd3 e6 8. Nd2 c5 9. c4 cxd4 10. cxd5 exd5 11. Ngf3 Be7 12. O-O Bxg5 13. Nxg5 Ne7 14. e6 f6 15. Nf7 O-O 16. Rae1 Nbc6 17. Qf3 Ne5 18. Rxe5 fxe5 19. Qxh5 Qxe6 20. Ng5 Qh6 21. Qg4 Rf4 22. Qd7 Rxh4 23. Nh3 Qf6 24. Nf3 Rh5 25. Qg4 Qf5 26. Qg3 Rf8 27. Re1 Nc6 28. Nfg5 e4 29. Qd6 d3 30. Qg3 Ne5 31. f4 exf3 32. Rxe5 f2+ 33. Nxf2 Qxf2+ 34. Qxf2 Rxf2 35. Kxf2 d2 36. Ke2 1-0


[Site "https://www.chess.com"]

[Event "Titled Tuesday Blitz March 15 Early 2022"]
[White "Weishaeutel, Moritz"]
[Black "Miszler, Levente"]
[WhiteFideId "12967300"]
[BlackFideId "763276"]
[WhiteElo "2002"]
[BlackElo "1966"]
[Result "1-0"]
[Round "10"]
[TimeControl "180+1"]
[Date "2022.03.15"]
[WhiteClock "0:00:54"]
[BlackClock "0:01:03"]

1. e4 e6 2. d4 d5 3. exd5 exd5 4. Nf3 Nf6 5. Bd3 Bd6 6. Qe2+ Qe7 7. Qxe7+ Kxe7 8. O-O h6 9. Re1+ Be6 10. c4 c6 11. Nc3 Re8 12. Ne5 Nbd7 13. f4 g6 14. f5 gxf5 15. Bxh6 Rh8 16. Bg5 Rag8 17. h4 Kf8 18. cxd5 cxd5 19. Nb5 Bxe5 20. dxe5 Ne4 21. Bxe4 fxe4 22. Rac1 Nxe5 23. Re2 Ng4 24. Rc7 f6 25. Bf4 Rxh4 26. Nd4 Bf7 27. Bd6+ Kg7 28. Nf5+ Kg6 29. Nxh4+ 1-0


[Site "https://www.chess.com"]

[Event "Titled Tuesday Blitz March 15 Early 2022"]
[White "Wong, Yinn Long"]
[Black "Jumabayev, Rinat"]
[WhiteFideId "5707684"]
[BlackFideId "13702661"]
[WhiteElo "2784"]
[BlackElo "2871"]
[Result "0-1"]
[Round "10"]
[TimeControl "180+1"]
[Date "2022.03.15"]
[WhiteClock "0:00:16"]
[BlackClock "0:00:21"]

1. Nf3 Nf6 2. b3 g6 3. Bb2 Bg7 4. e3 O-O 5. d4 b6 6. Be2 Bb7 7. O-O c5 8. c4 e6 9. Nc3 Qe7 10. Qc2 d5 11. Rfd1 Nbd7 12. Rac1 Rac8 13. Ba3 Rfd8 14. h3 a6 15. dxc5 dxc4 16. c6 Qxa3 17. cxb7 Rc7 18. Bxc4 b5 19. Be2 b4 20. Nb1 Rxc2 21. Nxa3 Rxc1 22. Rxc1 bxa3 23. Rc8 Rf8 24. Ne5 Nb8 25. Rxb8 Rxb8 26. Bxa6 Bf8 27. Nc6 Bd6 28. Nxb8 Bxb8 29. Kf1 Kf8 30. Ke2 Nd5 31. b4 Nxb4 32. Bc4 Ke7 33. Kd2 Kd6 34. Kc3 Kc5 35. g4 Be5+ 36. Kb3 Nxa2 37. f4 Bb8 38. Bf1 Nb4 39. Kxa3 Nc2+ 40. Kb3 Nxe3 41. Be2 Bxf4 42. Kc3 Nd5+ 43. Kd3 Kb6 44. Ke4 Bd6 45. Bc4 Nf6+ 46. Ke3 Kxb7 47. Ba2 Kc7 48. Kf3 Kd7 49. Bb1 Ke7 50. Ba2 h6 51. Bb1 g5 52. Ke3 Bg3 53. Kf3 Bh4 54. Bc2 Nd7 55. Ke4 Kd6 56. Bb3 Nc5+ 0-1


[Site "https://www.chess.com"]

[Event "Titled Tuesday Blitz March 15 Early 2022"]
[White "Xu, Yi"]
[Black "Esipenko, Andrey"]
[WhiteFideId "8605564"]
[BlackFideId "24175439"]
[WhiteElo "2866"]
[BlackElo "2968"]
[Result "1/2-1/2"]
[Round "10"]
[TimeControl "180+1"]
[Date "2022.03.15"]
[WhiteClock "0:00:27"]
[BlackClock "0:00:56"]

1. e4 c5 2. Nf3 d6 3. d4 cxd4 4. Nxd4 Nf6 5. Nc3 a6 6. Be3 e5 7. Nb3 Be7 8. f3 O-O 9. Qd2 Be6 10. O-O-O Nbd7 11. g4 b5 12. g5 Nh5 13. Kb1 Nb6 14. Na5 Rc8 15. a3 Qc7 16. Nd5 Nxd5 17. exd5 Bxd5 18. Qxd5 Qxa5 19. Bd3 g6 20. Be4 Qc7 21. Qb3 Rfe8 22. Bd5 Bf8 23. Rhf1 Re7 24. Rc1 Rb8 25. Qd3 Bg7 26. Qe4 a5 27. c3 Nf4 28. Bxf4 exf4 29. Qxf4 Qc5 30. Rfd1 Be5 31. Qd2 Qb6 32. f4 Bg7 33. Re1 Rc7 34. Re4 Qc5 35. Rce1 h5 36. f5 gxf5 37. Re8+ Rxe8 38. Rxe8+ Kh7 39. g6+ fxg6 40. Bg8+ Kh8 41. Bd5+ Kh7 42. Bg8+ Kh8 43. Bd5+ Kh7 1/2-1/2


[Site "https://www.chess.com"]